 Dungeon Crawl Stone Soup version 0.23.2-1-ga50397a6bc (webtiles) character file.

Game seed: 13333770707007658129

81 BorisKarlOrff the Cudgeler (level 4, -5/41 HPs)
             Began as a Minotaur Chaos Knight on Apr 22, 2019.
             Was a Plaything of Xom.
             Killed by nerve-wracking pain
             ... invoked by Grinder
              (10 damage)
             ... on level 3 of the Dungeon.
             The game lasted 00:02:59 (1048 turns).

BorisKarlOrff the Cudgeler (Minotaur Chaos Knight)  Turns: 1048, Time: 00:02:59

Health: -5/41      AC:  9    Str: 16 (18) XL:     4   Next: 20%
Magic:  3/3        EV: 22    Int: 12 (14) God:    Xom [.*....]
Gold:   107        SH:  0    Dex:  6 (9)  Spells: 3/3 levels left

rFire    . . .     SeeInvis .   a - +0 mace (chaos)
rCold    . . .     Gourm    .   (no shield)
rNeg     . . .     Faith    .   i - +0 chain mail
rPois    .         Spirit   .   (helmet restricted)
rElec    .         Reflect  .   (no cloak)
rCorr    .         Harm     .   (no gloves)
MR       .....                  (no boots)
Stlth    ..........             e - amulet of the acrobat
HPRegen  0.13/turn              (no ring)
MPRegen  0.08/turn              (no ring)

@: brilliant, about to teleport, acrobat
A: retaliatory headbutt, horns 2
a: Renounce Religion


You were on level 3 of the Dungeon.
You worshipped Xom.
You were a plaything of Xom.
You were not hungry.

You visited 1 branch of the dungeon, and saw 3 of its levels.

You collected 107 gold pieces.

Inventory:

Hand Weapons
 a - a +0 mace of chaos (weapon)
Armour
 b - a +2 leather armour
 i - a +0 chain mail (worn)
Jewellery
 e - an amulet of the acrobat (around neck)
Scrolls
 d - 2 scrolls of identify
 f - a scroll of teleportation
 k - 2 scrolls of remove curse {unknown}
Potions
 j - a potion of degeneration
Comestibles
 c - 4 rations


   Skills:
 + Level 4.6 Fighting
 + Level 4.9 Maces & Flails
 + Level 3.1 Armour
 + Level 1.3 Dodging
 + Level 0.2 Stealth


You had 3 spell levels left.
You didn't know any spells.
Your spell library was empty.

Dungeon Overview and Level Annotations

Branches:
Dungeon (3/15)

Altars:
Xom

Annotations:
D:3 Grinder


Innate Abilities, Weirdness & Mutations

You reflexively headbutt those who attack you in melee.
You have a pair of horns on your head.


Message History

It was a potion of brilliance.
You feel clever all of a sudden. Grinder gestures at you.
You suddenly lose the ability to move!
Grinder hits you but does no damage.
Grinder blinks!
Grinder blinks!
You can move again.
As you read the scroll labeled ZERUGYTY YRAPT, it crumbles to dust.
It is a scroll of identify.
f - 2 scrolls of teleportation
As you read the scroll of teleportation, it crumbles to dust.
You feel strangely unstable. Grinder gestures at you.
You shrug off the repeated paralysis!
Grinder says, "Don't move a muscle."
Grinder gestures at you. Pain shoots through your body!
You die...
Xom chuckles heartily!

.. #.# #+## #.#
#...## #.# #.....#
##.## ##.......
#####...####........
...........@........
##.#...####..5.....
#......# ##.......
#..###.# #.....#
#..# #.# #...## #..#
#.# #+## #..# #.#
#..# #.# .... #.#


You could see Grinder.

Vanquished Creatures
  A bullfrog skeleton (D:2)
  An adder (D:2)
  A dart slug (D:2)
  A leopard gecko (D:2)
  A giant cockroach (D:1)
  6 goblins
  7 hobgoblins
  4 jackals (D:2)
  2 kobolds
  A quokka (D:2)
  2 ball pythons
  3 bats (D:2)
  3 frilled lizards
  5 rats
38 creatures vanquished.

Vanquished Creatures (others)
  A rat (D:2)
1 creature vanquished.

Grand Total: 39 creatures vanquished

Notes
Turn   | Place    | Note
-------+----------+-------------------------------------------
     0 | D:1      | BorisKarlOrff the Minotaur Chaos Knight began the quest for
                  | the Orb.
     0 | D:1      | Reached XP level 1. HP: 19/19 MP: 0/0
    71 | D:1      | XOM: silly message
   168 | D:1      | Reached XP level 2. HP: 20/27 MP: 1/1
   643 | D:2      | XOM: enchant monster (bad)
   652 | D:2      | XOM: scenery: create altars
   660 | D:2      | Reached XP level 3. HP: 31/34 MP: 2/2
   751 | D:2      | XOM: harmless Necr miscast
   765 | D:2      | Reached XP level 4. HP: 22/41 MP: 3/3
  1028 | D:3      | Noticed Grinder
  1040 | D:3      | Paralysed by Grinder for 6 turns
  1048 | D:3      | Killed from afar by Grinder

Skill      XL: |  1  2  3 |
---------------+----------+-----
Fighting       | 4 |  4.6
Maces & Flails | 4 |  4.9
Armour         | 3 |  3.1
Dodging        | |  1.3
Stealth        | |  0.2

Action                   |  1- 3 |  4- 6 || total
-------------------------+-------+-------++-------
Melee: Mace              |    67 |    13 ||    80
       Headbutt          |     4 |     2 ||     6
  Use: Potion            |       |     3 ||     3
       Scroll            |       |     2 ||     2
 Stab: Paralysed         |     3 |       ||     3
  Eat: Ration            |     1 |       ||     1
Armor: Leather armour    |     5 |       ||     5
       Chain mail        |    28 |     6 ||    34
Dodge: Dodged            |    57 |     7 ||    64
